 Dungeon Crawl Stone Soup version 0.18-a0-1789-gbeff17f (webtiles) character file.

171 Ijustatesigmund the Ruffian (level 5, -1/53 HPs)
             Began as a Troll Hunter on Apr 21, 2016.
             Slain by an ice beast (13 damage)
             ... on level 3 of the Dungeon.
             The game lasted 00:08:49 (1829 turns).

Ijustatesigmund the Ruffian (Troll Hunter)          Turns: 1829, Time: 00:08:50

Health: -1/53      AC:  5    Str: 20    XL:     5   Next: 26%
Magic:  4/4        EV: 10    Int:  7    God:
Gold:   112        SH:  0    Dex: 11    Spells: 0 memorised, 4 levels left

rFire  + . .     SeeInvis .       - Unarmed
rCold  . . .     Gourm    +     b - +0 robe
rNeg   . . .     Faith    .     (no shield)
rPois  .         Spirit   .     (helmet restricted)
rElec  .         Dismiss  .     (no cloak)
rCorr  .         Reflect  .     (gloves unavailable)
SustAt .         Harm     .     (boots unavailable)
MR     .....                    (no amulet)
Stlth  ..........               r - ring of protection from fire
                                l - ring of loudness (curse)

@: invisible, not resistant to hostile enchantments, extremely unstealthy
A: unfitting armour, claws 3, fast metabolism 3, gourmand, regeneration 2,
shaggy fur 1, tough skin 2
a: no special abilities


You were on level 3 of the Dungeon.
You were full.

You visited 1 branch of the dungeon, and saw 3 of its levels.

You collected 112 gold pieces.

Inventory:

Missiles
 c - 4 large rocks (quivered)
 d - 2 throwing nets
Armour
 b - a +0 robe (worn)
Jewellery
 l - a cursed ring of loudness (left claw)
 r - a ring of protection from fire (right claw)
Potions
 h - a potion of lignification
 j - a potion of haste {unknown}
 m - a potion of brilliance {unknown}
 p - a potion of flight {unknown}
Comestibles
 a - a meat ration
 f - 4 bread rations
 n - a beef jerky


   Skills:
 + Level 3.0 Fighting
 - Level 3.6 Throwing
 - Level 1.5 Dodging
 - Level 0.4 Stealth
 * Level 3.9 Unarmed Combat


You had 4 spell levels left.
You didn't know any spells.

Dungeon Overview and Level Annotations

Branches:
Dungeon (3/15)

Altars:
Ru
Vehumet

Annotations:
D:3 macross's ghost, weakling SpWr


Innate Abilities, Weirdness & Mutations

You are too large for most types of armour.
You have claws for hands.
Your metabolism is lightning-fast.
You like to eat raw meat.
You heal very quickly.
You are covered in fur (AC +1).
You have very tough skin (AC +2).


Message History

The rat closely misses you.
You barely miss the ice beast. The ice beast misses you. The rat bites you.
The orc warrior hits you from afar with a trident!
The rat bites you but does no damage.
You claw the ice beast!
The ice beast is moderately wounded.
The rat closely misses you.
The ice beast hits you but does no damage.
The goblin hits you but does no damage.
The orc warrior hits you from afar with a trident!
* * * LOW HITPOINT WARNING * * *
The rat bites you but does no damage.
You aren't carrying any spellbooks or scrolls.
Drink which item? (? for menu, Esc to quit)
It was a potion of invisibility.
You fade into invisibility!
The rat closely misses you. The ice beast hits you.
* * * LOW HITPOINT WARNING * * *
The ice beast freezes you!
You die...

****,*,*>,,,,,,*,,,,,,,
#.........,,,,*********
#......#.###,,,,,,,≈,,,
#......(...,,,,,,,,≈,,,
#.?.......,,,,,,,≈≈≈≈≈,
#........#**,,,,,,,≈,,,
#.....o..# *,,,,,,,≈,,,
#...org..###..,,,,,,,**
#.....@r......,,,,,,,,,
#....).Y####..,,,,,,,**
#######.# *,,,,,,,,,*
####.#######***,,,**
#..........#***,,,,*
#.....)....#,,,,,,,,
#########..........#,,,,,,,*
#..................#,,,,,,,*
##.######.........?#,,,,,,,*


You could see an orc warrior, an ice beast, an orc, a goblin and 2 rats.

Vanquished Creatures
  An orc wizard (D:2)
  3 gnolls (D:2)
  5 adders (D:2)
  An ooze (D:2)
  3 worms (D:2)
  3 dart slugs
  2 giant geckos (D:2)
  2 orcs (D:3)
  6 bats
  A giant cockroach (D:1)
  5 goblins
  6 hobgoblins
  A quokka (D:2)
  4 giant newts
  5 kobolds
  6 rats
54 creatures vanquished.

Notes
Turn   | Place    | Note
--------------------------------------------------------------
     0 | D:1      | Ijustatesigmund the Troll Hunter began the quest for the Orb.
     0 | D:1      | Reached XP level 1. HP: 19/19 MP: 0/0
    34 | D:1      | Reached skill level 1 in Unarmed Combat
    34 | D:1      | Reached XP level 2. HP: 27/28 MP: 1/1
   491 | D:2      | Reached XP level 3. HP: 30/35 MP: 2/2
   892 | D:2      | Reached XP level 4. HP: 23/44 MP: 3/3
   972 | D:2      | Found a radiant altar of Vehumet.
  1293 | D:2      | Found a sacrificial altar of Ru.
  1327 | D:2      | Reached XP level 5. HP: 45/52 MP: 4/4
  1571 | D:3      | Noticed macross's ghost (weakling SpWr)
  1819 | D:3      | Noticed an ice beast
  1819 | D:3      | Noticed an orc warrior
  1829 | D:3      | Slain by an ice beast

Vault maps used:
D:1:      lemuel_arrival_behind_the_door_large
D:2:      marbit_many_paths, nicolae_ru_great_annihilating_truth,
          serial_co_window_serial, co_window_paths_a, co_window_paths_a,
          co_window_corner_a, co_window_paths_a, co_window_cross_1,
          co_window_of_opportunity_a, co_window_corner_cb,
          co_window_of_opportunity_c, co_window_of_opportunity_c,
          co_window_broadway_a, co_window_of_opportunity_c, co_window_paths_e,
          glass_columns_b, glass_columns_b, minmay_misc_feat_enclosed,
          grunt_ministairs_5
D:3:      elyvilon_altar_3, first_bread, hangedman_abyss_or_decor_stabs,
          grunt_pakellas_sulfur

Skill      XL: |  1  2  3  4  5 |
---------------+----------------+-----
Unarmed Combat | 1 2 3 |  3.9
Fighting       | 2 3 |  3.0
Throwing       | |  3.6
Dodging        | |  1.5
Stealth        | |  0.4

Action                   |  1- 3 |  4- 6 || total
-------------------------+-------+-------++-------
Melee: Unarmed           |   106 |   121 ||   227
Throw: Large rock        |       |     7 ||     7
  Use: Scroll            |       |     6 ||     6
       Potion            |       |     1 ||     1
 Stab: Sleeping          |       |     1 ||     1
  Eat: Chunk             |    11 |     8 ||    19
Armor: Robe              |    39 |    37 ||    76
Dodge: Dodged            |    51 |    72 ||   123
